 Dungeon Crawl Stone Soup version 0.22-a0-825-ga28c36f (webtiles) character file.

165 Amnesiac the Digger (level 5, -3/35 HPs)
             Began as a Mummy Earth Elementalist on July 24, 2018.
             Slain by a hound (5 damage)
             ... on level 6 of the Dungeon.
             The game lasted 00:02:01 (1138 turns).

Amnesiac the Digger (Mummy Earth Elementalist)      Turns: 1138, Time: 00:02:02

Health: -3/35      AC:  2    Str: 11    XL:     5   Next: 22%
Magic:  3/11       EV: 12    Int: 16    God:
Gold:   76         SH:  0    Dex: 12    Spells: 2/12 levels left

rFire    x . .     SeeInvis .   e - +0 dagger
rCold    + . .     Gourm    .   (no shield)
rNeg     + + +     Faith    .   c - +0 robe
rPois    ∞         Spirit   .   (no helmet)
rElec    .         Reflect  .   (no cloak)
rCorr    .         Harm     .   (no gloves)
MR       .....                  (no boots)
Stlth    ++........             (no amulet)
HPRegen  0.11/turn              (no ring)
MPRegen  0.12/turn              (no ring)

@: no status effects
A: no food or potions, fire vulnerability, cold resistance 1, negative energy
resistance 3, torment resistance, unbreathing
a: no special abilities


You were on level 6 of the Dungeon.
You were not hungry.

You visited 1 branch of the dungeon, and saw 6 of its levels.

You collected 76 gold pieces.

Inventory:

Hand Weapons
 e - a +0 dagger (weapon)
Missiles
 b - 27 stones (quivered)
Armour
 c - a +0 robe (worn)
Wands
 f - a wand of paralysis (20)
Scrolls
 a - 3 scrolls of identify {!r}
 d - a scroll of enchant weapon {!r}


   Skills:
 - Level 1.5 Dodging
 - Level 1.5 Stealth
 + Level 4.1 Spellcasting
 - Level 0.7 Transmutations
 * Level 4.4 Earth Magic


You had 2 spell levels left.
You knew the following spells:

 Your Spells              Type           Power        Failure   Level  Hunger
a - Sandblast             Erth           ###...       2%          1    N/A
b - Passwall              Tmut/Erth      ##......     9%          2    N/A
c - Stone Arrow           Conj/Erth      ##....       21%         3    N/A
e - Petrify               Tmut/Erth      ##......     50%         4    N/A

Your spell library contained the following spells:

 Spells                   Type           Power        Failure   Level  Hunger
 Lee's Rapid Deconstruct  Erth           ###.......   58%         5    N/A

Dungeon Overview and Level Annotations

Branches:
Dungeon (6/15)
 Temple: D:4-7

Altars:

Annotations:
D:4 Blork the orc
D:5 Edmund, Eustachio, Grinder


Innate Abilities, Weirdness & Mutations

You do not eat or drink.
Your flesh is vulnerable to fire.
You are immune to poison.
Your flesh is cold resistant. (rC+)
You are immune to negative energy. (rN+++)
You are immune to unholy pain and torment.
You can survive without breathing.


Message History

b - 29 stones The orc wizard points at you and mumbles some strange words.
The puff of flame misses you.
Casting: Sandblast (safe; 3% risk of failure)
Confirm with . or Enter, or press ? or * to list all spells.
Aiming: Sandblast (safe; 3% risk of failure)
Press: ? - help, Shift-Dir - straight line, f/p - orc wizard
Aim: an orc wizard, wielding a dagger and wearing a robe (severely wounded)
The blast of sand hits the orc wizard.
The orc wizard is severely wounded.
b - 28 stones The orc wizard gestures at you while chanting.
The magic dart hits you!
Casting: Sandblast (safe; 3% risk of failure)
Confirm with . or Enter, or press ? or * to list all spells.
Aiming: Sandblast (safe; 3% risk of failure)
Press: ? - help, Shift-Dir - straight line, f/p - orc wizard
Aim: an orc wizard, wielding a dagger and wearing a robe (severely wounded)
The blast of sand hits the orc wizard.
The orc wizard is almost dead.
b - 27 stones The orc wizard mumbles some strange words.
The orc wizard seems to speed up.
Casting: Sandblast (safe; 3% risk of failure)
Confirm with . or Enter, or press ? or * to list all spells.
You don't have enough magic to cast that spell.
You closely miss the orc wizard.
The orc wizard is almost dead.
The orc wizard mumbles some strange words.
The orc wizard flickers and vanishes!
Deactivating autopickup; reactivate with Ctrl-A.
Something hits you.
You closely miss something. Something barely misses you.
You hit something.
Reactivating autopickup.
You feel a bit more experienced.
The orc wizard shouts!
Things that are here:
a dagger; a robe You see here an orc corpse.
A hound comes into view.
A hound comes into view.
The hound barks!
You hear a shout!
The hound barks!
A centaur comes into view.
You barely miss the centaur.
The centaur shouts!
The hound misses you. The centaur hits you.
* * * LOW HITPOINT WARNING * * *
The centaur barely misses you. The centaur closely misses you.
The hound completely misses you. The centaur hits you.
* * * LOW HITPOINT WARNING * * *
Really read
g - a scroll labeled VUEKOISCHYPS {!r}?
As you read the scroll labeled VUEKOISCHYPS {!r}, it crumbles to dust.
You feel blessed for a moment.
It was a scroll of remove curse {!r}.
The centaur closely misses you. The hound bites you.
* * * LOW HITPOINT WARNING * * *
The centaur misses you. The hound bites you but does no damage.
The centaur barely misses you.
The centaur wields a shortbow.
The centaur shoots an arrow.
The arrow hits you.
* * * LOW HITPOINT WARNING * * *
The hound bites you.
You die...

#.######..
#####.#.o...<.
.........#####
####.....###
######........#
##h.o.o......#.#
##.c##.#.#........
##h.#####.##.......
#.@## #h.....#.##
#...## #.##...#...
#... ..##...# ..
##.# ..# ...# #.
... .. #. #


You could see a centaur, 2 hounds and an orc wizard.

Vanquished Creatures
  An orc priest (D:5)
  A hound (D:5)
  2 orc wizards
  3 adders
  A leopard gecko (D:5)
  4 orcs
  2 giant cockroaches (D:3)
  3 hobgoblins
  2 quokkas (D:3)
  2 frilled lizards (D:3)
  2 rats
23 creatures vanquished.

Notes
Turn   | Place    | Note
-------+----------+-------------------------------------------
     0 | D:1      | Amnesiac the Mummy Earth Elementalist began the quest for the Orb.
     0 | D:1      | Reached XP level 1. HP: 13/13 MP: 4/4
    77 | D:2      | Reached XP level 2. HP: 7/19 MP: 0/5
    86 | D:2      | Learned a level 2 spell: Passwall
   681 | D:3      | Reached XP level 3. HP: 24/24 MP: 7/7
   821 | D:4      | Noticed Edmund
   860 | D:5      | Entered Level 5 of the Dungeon
   882 | D:4      | Noticed Blork the orc
  1029 | D:5      | Reached XP level 4. HP: 30/30 MP: 5/9
  1034 | D:5      | Learned a level 3 spell: Stone Arrow
  1039 | D:5      | Learned a level 4 spell: Petrify
  1088 | D:5      | Noticed Eustachio
  1092 | D:5      | Noticed Grinder
  1093 | D:5      | Paralysed by Grinder for 4 turns
  1111 | D:6      | Reached XP level 5. HP: 27/35 MP: 2/11
  1131 | D:6      | Noticed a centaur
  1138 | D:6      | Slain by a hound

Vault maps used:
D:1:      dpeg_arrival_refuge
D:2:      uniq_natasha
D:3:      ebering_ghost_sewer_d, nicolae_ru_the_path_less_chosen
D:4:      vehumet_crystals, minivault_23, uniq_menkaure, uniq_edmund,
          uniq_duvessa, uniq_blork_the_orc
D:5:      lemuel_round_altar, first_ration, uniq_eustachio, uniq_grinder
D:6:      grunt_temple_overflow_cloverleaf, old_standard_altar, serial_shops,
          kennysheep_mini, minmay_ruined_shrine

Skill      XL: |  1  2  3  4 |
---------------+-------------+-----
Earth Magic    | 3 4 |  4.4
Spellcasting   | 3 4 |  4.1
Dodging        | |  1.5
Stealth        | |  1.5
Transmutations | |  0.7

Action                   |  1- 3 |  4- 6 || total
-------------------------+-------+-------++-------
Melee: Dagger            |    18 |     4 ||    22
 Cast: Sandblast         |    30 |    12 ||    42
  Use: Scroll            |     1 |     1 ||     2
 Stab: Sleeping          |     1 |       ||     1
Armor: Robe              |     4 |     2 ||     6
Dodge: Dodged            |    21 |    10 ||    31

Table legend:
 A = Spawn XP
 B = Non-spawn XP
 C = Spawn XP percentage of total XP
 D = Spawn monster count
 E = Non-spawn monster count
 F = Spawn count percentage of total count
 G = Total turns spent on level
                    A         B        C        D         E        F      G
               +---------+---------+-------+---------+---------+-------+---------
         Total |       0 |     237 |   0.0 |       0 |      23 |   0.0 |  1138
               +---------+---------+-------+---------+---------+-------+---------
           D:1 |       0 |       2 |   0.0 |       0 |       1 |   0.0 |    50
           D:2 |       0 |      29 |   0.0 |       0 |       4 |   0.0 |   500
           D:3 |       0 |      22 |   0.0 |       0 |      11 |   0.0 |   279
           D:4 |       0 |      13 |   0.0 |       0 |       1 |   0.0 |    57
           D:5 |       0 |     128 |   0.0 |       0 |       4 |   0.0 |   218
           D:6 |       0 |      43 |   0.0 |       0 |       2 |   0.0 |    34
               +---------+---------+-------+---------+---------+-------+---------
